AoeStats
← Chef

Arabia

506730868Analyzed
2v2 RM · 17d ago on Sep 14, 2026· 85m 59s· 4 players
Game mode
Random Map
Map size
Medium (4 player)
Population
200
Speed
Normal
Resources
Standard
Victory
Conquest
Starting age
Dark Age
Ending age
Imperial Age
RankedLock teamsTeams togetherTeam positionsShared explorationLock speedFull tech treeHidden civsTurbo modeCheats
Victory
Defeat
🇬🇧 Mongols · United Kingdom
1342
+14
🇩🇪 Malians · Germany
1280
+17
🇧🇪 Japanese · Belgium
1334
-17
🇨🇦 Persians · Canada
1261
-14
Chef
9:02 Feudal Age
10:40 Double-Bit Axe
11:28 Horse Collar
18:00 Wheelbarrow
22:02 Castle Age
23:08 Bloodlines
22:59 Husbandry
23:08 Thumb Ring
23:15 Bow Saw
23:06 Heavy Plow
23:01 Fletching
23:12 Padded Archer Armor
26:45 Hand Cart
29:10 Ballistics
33:58 Scale Barding Armor
35:14 Chain Barding Armor
34:56 Bodkin Arrow
36:58 Leather Archer Armor
36:54 Forging
37:25 Elite Skirmisher
38:59 Iron Casting
42:37 Imperial Age
43:23 Bracer
43:27 Heavy Camel Rider
44:03 Elite Mangudai
44:18 Capped Ram
45:57 Drill
45:57 Conscription
46:55 Parthian Tactics
47:41 Siege Ram
48:55 Gold Mining
53:21 Light Cavalry
55:02 Hussar
60:59 Scale Mail Armor
66:19 Chain Mail Armor
67:04 Blast Furnace
DunkanD
7:11 Loom
9:21 Feudal Age
9:29 Man-at-Arms
10:01 Double-Bit Axe
15:53 Fletching
17:09 Padded Archer Armor
17:02 Horse Collar
22:53 Castle Age
21:01 Gold Mining
23:29 Bodkin Arrow
22:57 Crossbowman
23:54 Bow Saw
30:00 Wheelbarrow
29:11 Town Watch
31:23 Thumb Ring
31:39 Leather Archer Armor
32:17 Ballistics
35:09 Heavy Plow
40:19 Imperial Age
38:06 Hand Cart
42:17 Chemistry
41:48 Ring Archer Armor
40:41 Arbalester
52:30 Conscription
53:02 Farimba
54:02 Bloodlines
53:53 Husbandry
53:13 Light Cavalry
54:22 Guilds
55:29 Forging
55:24 Scale Barding Armor
57:07 Iron Casting
56:59 Town Patrol
57:53 Chain Barding Armor
60:43 Plate Barding Armor
62:15 Hoardings
63:24 Elite Skirmisher
67:35 Crop Rotation
68:06 Masonry
69:57 Fortified Wall
69:44 Murder Holes
70:09 Caravan
76:30 Tigui
76:44 Elite Gbeto
77:45 Scale Mail Armor
81:27 Architecture
82:07 Chain Mail Armor
83:15 Heavy Camel Rider
Oblivion
8:21 Loom
10:51 Feudal Age
11:57 Double-Bit Axe
16:04 Fletching
22:55 Castle Age
20:57 Gold Mining
22:32 Padded Archer Armor
24:31 Gold Shaft Mining
24:10 Bow Saw
24:48 Bodkin Arrow
25:13 Horse Collar
25:52 Crossbowman
31:07 Ballistics
31:44 Town Watch
33:06 Heavy Plow
40:08 Imperial Age
40:11 Arbalester
40:58 Bracer
43:18 Leather Archer Armor
43:57 Conscription
45:19 Chemistry
59:50 Thumb Ring
62:20 Caravan
ChickenFighter
4:57 Loom
9:51 Feudal Age
10:24 Double-Bit Axe
11:05 Horse Collar
19:05 Wheelbarrow
23:29 Castle Age
22:02 Scale Barding Armor
23:03 Forging
23:21 Bloodlines
23:47 Gold Mining
26:31 Husbandry
27:03 Chain Barding Armor
26:51 Elite Skirmisher
29:07 Hand Cart
30:37 Town Watch
32:53 Iron Casting
32:43 Stone Mining
33:10 Bow Saw
39:58 Imperial Age
39:53 Heavy Camel Rider
41:07 Conscription
40:59 Light Cavalry
43:11 Plate Barding Armor
43:26 Hussar
47:52 Blast Furnace
46:42 Fletching
48:43 Cavalier
50:24 Bodkin Arrow
57:33 Scale Mail Armor
57:33 Padded Archer Armor
59:34 Leather Archer Armor
59:34 Chain Mail Armor
60:20 Pikeman
61:01 Squires
60:47 Arson
61:33 Ring Archer Armor
62:18 Plate Mail Armor
61:23 Halberdier
Connection lost

Rejoining the realm…

Still unreachable

The connection could not be restored.

Session expired

The server has moved on; the page needs a fresh start.